 Dungeon Crawl Stone Soup version 0.31.0-12-g77e489cdc1 (webtiles) character file.

Game seed: 16153289564155367383

47 Bobsterar the Changeling (level 3, -5/24 HPs)
             Began as an Octopode Shapeshifter on Mar 7, 2024.
             Slain by a gnoll
             ... wielding a +0 halberd
              (12 damage)
             ... on level 2 of the Dungeon.
             The game lasted 00:03:25 (1444 turns).

Bobsterar the Changeling (Octopode Shapeshifter)    Turns: 1444, Time: 00:03:26

Health: -5/24      AC:  1    Str: 15    XL:     3   Next: 70%
Magic:  4/4        EV: 13    Int: 12    God:
Gold:   118        SH:  0    Dex: 11    Spells: 3/3 levels left

rFire   . .          .
                       - Unarmed
rCold   . . .        (no shield)
rNeg    . . .        (helmet currently unavailable)
rPois   .            (no amulet)
rElec   .            (no ring)
rCorr   .            (no ring)
SInv    .            (no ring)
Will    .....        (no ring)
Stlth   +++          (no ring)
HPRegen 0.24/turn    (no ring)
MPRegen 0.09/turn    (no ring)
                     (no ring)

%: no passive effects
@: beast-form
A: beast (slay +1), almost no armour, amphibious, 8 rings, camouflage 1,
gelatinous body 1, (nimble swimmer 1), tentacles
a: Begin Untransformation


You were on level 2 of the Dungeon.
You were a hulking beast.
You visited 1 branch of the dungeon, and saw 2 of its levels.

You collected 118 gold pieces.

Inventory:

Armour
 i - a +0 robe
Talismans
 b - a beast talisman (active)
 c - a flux talisman
Scrolls
 d - a scroll of teleportation {unknown}
 f - a scroll of silence {unknown}
 h - a scroll of blinking {unknown}
 k - a scroll of identify {unknown}
 m - a scroll of noise {unknown}
 n - a scroll of enchant weapon {unknown}
Potions
 a - 2 potions of lignification
 e - 2 potions of brilliance {unknown}
 g - a potion of berserk rage {unknown}
 j - a potion of ambrosia {unknown}
 l - 2 potions of curing {unknown}


   Skills:
 + Level 1.7 Fighting
 + Level 2.4 Dodging
 + Level 1.2 Stealth
 + Level 3.2 Unarmed Combat
 + Level 0.7 Spellcasting
 * Level 3.3 Shapeshifting


You had 3 spell levels left.
You didn't know any spells.
Your spell library was empty.

Dungeon Overview and Level Annotations

Branches:
Dungeon (2/15)

Altars:
Trog


Innate Abilities, Weirdness & Mutations

You are a hulking beast.
Your limbs bulge with bestial killing power. (Slay +1)
You cannot wear most types of armour.
You are amphibious.
You can wear up to eight rings at the same time.
Your skin changes colour to match your surroundings (Stealth+).
Your rubbery body absorbs attacks. (AC +1, EV +1)
((You are camouflaged when in or above water. (Stealth+)))
You have tentacles for arms and can constrict up to eight enemies at once.


Message History

You see here a rat corpse.
n - a scroll labelled ICVEV OHILE
Found a stone staircase leading down.
l - 2 black potions (gained 1)
Found 5 stones.
Found a rapier.
You see here a +0 rapier.
You open the door.
You see here a +0 short sword. 3 gnolls and a goblin come into view.
Found a sling.
The goblin shouts!
The gnoll shouts! x2
Found 8 gold pieces.
The gnoll barely misses you. x2
You completely miss the gnoll. You grab the gnoll. You squeeze the gnoll!
The gnoll is severely wounded.
You constrict the gnoll. The gnoll misses you.
The gnoll hits you from afar with a +0 spear!
The gnoll misses you.
You tentacle-slap the gnoll.
You kill the gnoll!
The gnoll closely misses you. The goblin closely misses you.
The gnoll hits you from afar with a +0 spear.
You are too injured to fight recklessly!
You are too injured to fight recklessly!
You are too injured to fight recklessly!
You are too injured to fight recklessly!
The goblin hits you with a +0 club.
The gnoll hits you from afar with a +0 spear.
* * * LOW HITPOINT WARNING * * *
The goblin barely misses you. The gnoll attacks as it pursues you!
The gnoll barely misses you.
You tentacle-slap the goblin.
You kill the goblin!
The gnoll misses you. The gnoll misses you. The gnoll barely misses you.
The gnoll hits you from afar with a +0 halberd!
Ouch! That really hurt!
You die...

#.....###..# #####.# #.#
#.........## #########.# #.#
#####.##### #.......#.# #.# #.#
#.......#.# ###.### ### #.#
#.......#.####...... ..# #.###
#.......#..........) ..# #>....#
#..............#.#.. ..# ###
#...##.......#####..#.#.. ..#
#....gh...........#.#.. ..#
####g##'##.#####..#.#.. ..#
#..#.##.#####..#.#.. ..#
#########)#.##.#......#.#..
'#####...)......#.##.......##.###
.#...#......)...#.#....###....#
.....#..........#.#....###.####
.....#.....................#
.....#.$........###....##########


You could see 2 gnolls.

Vanquished Creatures
  An adder (D:2)
  A gnoll (D:2)
  A dart slug (D:1)
  2 ball pythons (D:1)
  3 endoplasms
  2 goblins
  4 hobgoblins
  4 bats
  2 frilled lizards
  4 kobolds
  2 rats
26 creatures vanquished.

Notes
Turn   | Place    | Note
-------+----------+-------------------------------------------
     0 | D:1      | Bobsterar the Octopode Shapeshifter began the quest for the
                  | Orb.
     0 | D:1      | Reached XP level 1. HP: 13/13 MP: 1/1
   181 | D:1      | Reached XP level 2. HP: 14/18 MP: 2/2
   857 | D:2      | Found a bloodstained altar of Trog.
  1117 | D:2      | Reached XP level 3. HP: 23/23 MP: 3/3
  1200 | D:2      | Reached skill level 1 in Stealth
  1444 | D:2      | Slain by a gnoll

Illustrated notes

Levels and vault maps discovered:
D:1:      reono_arrival_forest_river, layout_loops_ring, solitary_fountain
D:2:      layout_basic, basic_altar, uniq_crazy_yiuf_cottage

Skill      XL: |  1  2  3 |
---------------+----------+-----
Stealth        | 1 |  1.2
Fighting       | |  1.7
Dodging        | |  2.4
Unarmed Combat | |  3.2
Spellcasting   | |  0.7
Shapeshifting  | |  3.3

Action                     || total
---------------------------++-------
  Melee: Unarmed           ||    48
         Constrict         ||    12
         Tentacles         ||     6
   Stab: Sleeping          ||     3
         Distracted        ||     1
 Armour: Skin              ||    23
  Dodge: Dodged            ||    28
   Form: Beast             ||     1
